AoeStats
← MZTK | GaboxNet .i.

Fortress

509585535Analyzed
3v3 RM · 6d ago on Sep 27, 2026· 41m 18s· 6 players
Game mode
Random Map
Map size
Large (8 player)
Population
200
Speed
Normal
Resources
Standard
Victory
Conquest
Starting age
Dark Age
Ending age
Imperial Age
RankedLock teamsTeams togetherTeam positionsShared explorationLock speedFull tech treeHidden civsTurbo modeCheats
Victory
Defeat
🇫🇷 Teutons · France
1205
+15
🇹🇼 Mongols · Taiwan
1140
+17
🇩🇪 Danes · Germany
1068
+20
🇲🇽 Malians · Mexico
1193
-18
🇲🇽 Celts · Mexico
1177
-18
🇲🇽 Bohemians · Mexico
1131
-16
Lancer
5:18 Feudal Age
5:55 Double-Bit Axe
5:55 Horse Collar
12:17 Castle Age
10:48 Gold Mining
13:12 Bow Saw
14:39 Wheelbarrow
15:04 Heavy Plow
18:09 Fletching
18:53 Town Watch
19:51 Gold Shaft Mining
19:58 Husbandry
20:51 Loom
21:24 Bodkin Arrow
22:10 Ballistics
23:39 Bloodlines
24:55 Padded Archer Armor
26:03 Thumb Ring
26:16 Leather Archer Armor
27:28 Stone Mining
30:30 Imperial Age
32:14 Hand Cart
32:22 Conscription
32:04 Bracer
32:11 Scale Barding Armor
32:53 Parthian Tactics
35:14 Town Patrol
35:55 Chain Barding Armor
37:25 Forging
39:35 Elite Steppe Lancer
41:10 Iron Casting
mathlemas
7:20 Feudal Age
8:34 Double-Bit Axe
11:18 Castle Age
9:20 Horse Collar
13:17 Wheelbarrow
13:08 Bow Saw
12:59 Stone Mining
14:57 Loom
17:09 Heavy Plow
22:43 Imperial Age
21:34 Hand Cart
21:17 Gold Mining
22:16 Squires
22:02 Gambesons
22:20 Scale Mail Armor
22:31 Forging
22:43 Man-at-Arms
23:42 Chain Mail Armor
22:54 Capped Ram
23:29 Town Watch
24:32 Iron Casting
25:28 Plate Mail Armor
24:29 Long Swordsman
25:36 Two-Handed Swordsman
27:07 Siege Engineers
27:04 Arson
28:09 Champion
30:09 Iron Casting
31:33 Chemistry
35:17 Conscription
36:51 Crenellations
37:26 Bloodlines
36:37 Cavalier
37:23 Scale Barding Armor
38:19 Blast Furnace
38:50 Chain Barding Armor
38:42 Paladin
41:33 Plate Barding Armor
40:50 Fletching
ptric90
7:57 Feudal Age
11:33 Castle Age
9:23 Double-Bit Axe
9:36 Horse Collar
11:57 Wheelbarrow
13:12 Gold Mining
13:28 Gold Mining
15:53 Stone Mining
19:40 Squires
20:12 Pikeman
21:40 Hamask
25:48 Imperial Age
25:52 Halberdier
25:56 Onager
27:03 Forging
26:54 Scale Mail Armor
29:25 Bow Saw
29:58 Conscription
29:30 Siege Onager
32:52 Arson
32:27 Elite Varangian Guard
33:11 Heavy Plow
33:35 Hand Cart
34:03 Iron Casting
33:43 Chain Mail Armor
34:34 Northmen's Fury
35:56 Caravan
36:18 Town Watch
41:39 Ballistics
42:20 Chemistry
41:41 Siege Engineers
MZTK | BALLON BOY
8:04 Feudal Age
11:57 Castle Age
22:37 Loom
25:22 Imperial Age
22:43 Town Watch
23:34 Wheelbarrow
22:52 Double-Bit Axe
25:14 Squires
25:00 Arson
24:38 Man-at-Arms
28:29 Chemistry
27:54 Ballistics
31:06 Hand Cart
MZTK | GaboxNet .i.
7:34 Feudal Age
11:30 Castle Age
9:33 Double-Bit Axe
12:02 Gold Mining
12:18 Scale Mail Armor
12:28 Arson
14:23 Chain Mail Armor
19:54 Forging
20:25 Gold Shaft Mining
21:07 Wheelbarrow
23:18 Loom
24:50 Padded Archer Armor
24:40 Fletching
24:33 Elite Skirmisher
28:28 Bow Saw
28:01 Horse Collar
29:07 Leather Archer Armor
30:07 Heavy Plow
34:43 Imperial Age
32:41 Hand Cart
33:16 Stone Mining
33:23 Bodkin Arrow
34:31 Pikeman
36:18 Furor Celtica
36:33 Conscription
36:46 Ring Archer Armor
37:51 Plate Mail Armor
37:24 Halberdier
MZTK | KAAN EEK
4:08 Loom
7:52 Feudal Age
11:30 Castle Age
9:39 Double-Bit Axe
14:56 Horse Collar
18:09 Wheelbarrow
18:05 Horse Collar
25:51 Imperial Age
23:56 Hand Cart
23:54 Fletching
24:05 Padded Archer Armor
24:40 Heavy Plow
25:02 Bow Saw
26:22 Chemistry
25:44 Ballistics
25:18 Elite Skirmisher
26:29 Bodkin Arrow
26:49 Leather Archer Armor
26:35 Town Watch
27:28 Fortified Wall
28:10 Conscription
27:12 Elite Hussite Wagon
29:20 Pikeman
30:01 Squires
32:08 Bracer
32:38 Ring Archer Armor
32:11 Scale Mail Armor
32:21 Forging
32:51 Town Patrol
33:58 Two-Man Saw
33:34 Wagenburg Tactics
33:27 Arson
34:22 Siege Engineers
34:13 Murder Holes
39:47 Chain Mail Armor
40:07 Iron Casting
Connection lost

Rejoining the realm…

Still unreachable

The connection could not be restored.

Session expired

The server has moved on; the page needs a fresh start.